 Dungeon Crawl Stone Soup version 0.32-a0-768-g0f6f1dd4b9 (webtiles) character file.

Game seed: 18324305831520421478

345 Griffin23 the Shooter (level 6, -9/38 HPs)
             Began as a Gargoyle Hunter on Mar 18, 2024.
             Was an Elder of Cheibriados.
             Killed by divine providence
             ... invoked by an orc priest
              (15 damage)
             ... on level 4 of the Dungeon.
             The game lasted 00:04:56 (2628 turns).

Griffin23 the Shooter (Gargoyle Hunter)             Turns: 2628, Time: 00:04:57

Health: -9/38      AC:  7    Str: 23    XL:     6   Next: 58%
Magic:  6/6        EV: 12    Int: 19    God:    Cheibriados [****..]
Gold:   189        SH:  0    Dex: 24    Spells: 5/5 levels left

rFire   . . .        a - +0 shortbow
rCold   . . .        (shield currently unavailable)
rNeg    + . .        c - +0 leather armour
rPois   ∞            (no helmet)
rElec   +            (no cloak)
rCorr   .            (no gloves)
SInv    .            (no boots)
Will    .....        g - amulet of regeneration
Stlth   +++          (no ring)
HPRegen 1.06/turn    (no ring)
MPRegen 0.10/turn

%: no passive effects
@: very slow
A: sickness immunity, AC +4, negative energy resistance 1, electricity
resistance, torment resistance 1, petrification resistance
a: Renounce Religion, Bend Time, Temporal Distortion, Slouch


You were on level 4 of the Dungeon.
You worshipped Cheibriados.
Cheibriados was greatly pleased with you.
You visited 1 branch of the dungeon, and saw 4 of its levels.

You collected 189 gold pieces.

Inventory:

Hand Weapons
 a - a +0 shortbow (weapon)
Armour
 c - a +0 leather armour (worn)
Jewellery
 e - a +4 ring of protection
 g - an amulet of regeneration (around neck)
Wands
 s - a wand of iceblast (22)
Scrolls
 d - a scroll of immolation {unknown}
 f - 2 scrolls of acquirement {unknown}
 h - a scroll of teleportation {unknown}
 i - 3 scrolls of summoning {unknown}
 k - a scroll of noise {unknown}
 l - a scroll of enchant weapon {unknown}
 m - a scroll of silence {unknown}
 n - 2 scrolls of identify {unknown}
 r - a scroll of fear {unknown}
 t - a scroll of brand weapon {unknown}
Potions
 j - a potion of ambrosia {unknown}
 o - a potion of curing {unknown}
 p - a potion of degeneration {unknown}
 q - a potion of lignification {unknown}


   Skills:
 + Level 3.9 Fighting
 * Level 5.6 Ranged Weapons
 + Level 2.8 Dodging
 + Level 3.4 Stealth


You had 5 spell levels left.
You didn't know any spells.
Your spell library contained the following spells:

 Spells                   Type           Power      Damage    Failure   Level
 Malign Gateway           Summ/Tloc      0%         N/A       100%        7
 Summon Horrible Things   Summ           0%         N/A       100%        8


Dungeon Overview and Level Annotations

Branches:
Dungeon (4/15)             Temple (0/1) D:4

Altars:
Cheibriados
Elyvilon
Kikubaaqudgha
Okawaru

Shops:
D:2 :


Innate Abilities, Weirdness & Mutations

You are immune to sickness and miasma.
Your stone body is resilient. (AC +4)
You are immune to poison.
You resist negative energy. (rN+)
You are resistant to electric shocks. (rElec)
You are resistant to unholy torment.
You are immune to petrification.


Message History

Beogh smites you! The orc hits you with a +0 flail.
You shoot an arrow. The arrow barely misses the orc.
The orc priest mumbles some strange prayers to Beogh against you.
Beogh smites you! The orc closely misses you.
You are too injured to fight recklessly!
You are too injured to fight recklessly!
You are too injured to fight recklessly!
You are too injured to fight recklessly!
You shoot an arrow. The arrow hits the orc.
The orc is heavily wounded.
The orc closely misses you.
You shoot an arrow. The arrow closely misses the orc.
The orc priest casts a cantrip, but nothing happens.
The orc priest calls down the wrath of Beogh upon you.
Beogh smites you!
* * * LOW HITPOINT WARNING * * *
The orc completely misses you.
As you read the scroll of butterflies, it crumbles to dust.
You hear the flapping of tiny wings.
The orc priest is knocked back by the sudden gust.
The orc is knocked back by the sudden gust.
You swap places.
The orc barely misses your butterfly. Something barely misses your butterfly.
The orc closely misses your butterfly. Something hits your butterfly!
Your butterfly dies!
Your butterfly disappears in a burst of colours!
The orc completely misses your butterfly.
You swap places.
The orc completely misses your butterfly.
The orc priest calls down the wrath of Beogh upon you.
Beogh smites you!
* * * LOW HITPOINT WARNING * * *
The orc misses your butterfly. The orc closely misses your butterfly.
There is a stone staircase leading down here.
The orc completely misses your butterfly.
The orc priest invokes the aid of Beogh against you.
Beogh smites you!
You die...
Cheibriados appreciates the motionlessness of death.

# #. ####.##
##############
.......##
#....b@b.boo.#
#.......#
#.##########)#
#.......# #.# .#
#.......###.#######
b#
..................#
..
#.......###.#..>..#
b#
#..................
..
#.......###.#.....#
.. ####.#.##
#.#.....#


You could see an orc priest and an orc (ally target).

Vanquished Creatures
  A bullfrog (D:4)
  3 orc wizards
  An iguana (D:4)
  3 gnolls (D:4)
  6 adders
  A white imp (D:3)
  A dart slug (D:3)
  2 ribbon worms
  5 orcs
  8 ball pythons
  5 bats
  4 endoplasms
  2 giant cockroaches
  5 goblins
  7 hobgoblins
  6 jackals
  4 quokkas (D:1)
  5 frilled lizards
  6 kobolds
  8 rats
83 creatures vanquished.

Notes
Turn   | Place    | Note
-------+----------+-------------------------------------------
     0 | D:1      | Griffin23 the Gargoyle Hunter began the quest for the Orb.
     0 | D:1      | Reached XP level 1. HP: 12/12 MP: 1/1
   101 | D:1      | Found a faded altar of an unknown god.
   140 | D:1      | Reached XP level 2. HP: 18/18 MP: 2/2
   206 | D:1      | Prayed at the altar of an unknown god.
   206 | D:1      | Became a worshipper of Cheibriados the Contemplative
   206 | D:1      | Reached * piety under Cheibriados
   453 | D:1      | Reached ** piety under Cheibriados
   454 | D:1      | Reached XP level 3. HP: 22/22 MP: 3/3
   854 | D:2      | Found Seve's Book Shop.
  1108 | D:2      | Reached XP level 4. HP: 27/27 MP: 4/4
  1566 | D:3      | Reached *** piety under Cheibriados
  1607 | D:3      | Found an iron altar of Okawaru.
  1897 | D:3      | Reached XP level 5. HP: 32/32 MP: 5/5
  2028 | D:3      | Reached skill level 5 in Ranged Weapons
  2408 | D:4      | Reached XP level 6. HP: 10/38 MP: 6/6
  2493 | D:4      | Found a white marble altar of Elyvilon.
  2504 | D:4      | Found an ancient bone altar of Kikubaaqudgha.
  2541 | D:4      | Found a staircase to the Ecumenical Temple.
  2542 | D:4      | Reached **** piety under Cheibriados
  2628 | D:4      | Killed from afar by an orc priest

Illustrated notes

Levels and vault maps discovered:
D:1:      dpeg_arrival_short_road, layout_rooms,
          shapermc_ecumenical_altar_mp_vishouse, minmay_misc_feat_enclosed
D:2:      layout_basic, serial_shops, shop, minmay_pentomino_w4
D:3:      minmay_general_purpose_star, layout_loops_cross,
          mainiacjoe_overflow_tiny_flanked
D:4:      layout_loops_ring, mainiacjoe_overflow_large_starburst,
          nicolae_uskayaw_dance_hall, minmay_temple_entry_junction_2,
          serial_shops, nicolae_shop_drivethru, grunt_decor_mini_mirrors,
          uniq_sigmund

Skill      XL: |  1  2  3  4  5 |
---------------+----------------+-----
Dodging        | 2 |  2.8
Stealth        | 2 3 |  3.4
Fighting       | 3 |  3.9
Ranged Weapons | 5 |  5.6

Action                     |  1- 3 |  4- 6 || total
---------------------------+-------+-------++-------
  Melee: Shortbow          |       |     5 ||     5
   Fire: Shortbow          |   113 |   168 ||   281
    Use: Scroll            |       |     1 ||     1
 Armour: Leather armour    |    45 |    98 ||   143
  Dodge: Dodged            |    34 |    73 ||   107

Table legend: (Time is in decaauts)
 A = Elapsed time spent in this place.
 B = Non-inter-level travel time spent in this place.
 C = Inter-level travel time spent in this place.
 D = Time resting spent in this place.
 E = Time spent auto-exploring this place.
 F = Levels seen in this place.
 G = Mean time per level.
                   A        B        C        D        E       F      G
               +--------+--------+--------+--------+--------+-----+--------+
         Total |   3805 |   3529 |    276 |      0 |   2986 |   4 |  951.2 |
       Dungeon |   3805 |   3529 |    276 |      0 |   2986 |   4 |  951.2 |
               +--------+--------+--------+--------+--------+-----+--------+

Top non-repeatable levels by time:
     D:3: 1281 daAuts
     D:2: 1158 daAuts
     D:1: 989 daAuts
     D:4: 376 daAuts
